 Dungeon Crawl Stone Soup version 0.30-a0-936-ge0d47acfc0 (webtiles) character file.

Game seed: 13537561594611872531

5728 KennyOmg the Carver (level 10, -7/94 HPs)
             Began as a Minotaur Berserker on Mar 24, 2023.
             Was a High Priest of Trog.
             Killed by divine providence
             ... invoked by an orc priest
              (12 damage)
             ... on level 9 of the Dungeon.
             The game lasted 00:10:31 (8802 turns).

KennyOmg the Carver (Minotaur Berserker)            Turns: 8802, Time: 00:10:32

Health: -7/94      AC: 15    Str: 29    XL:     10   Next: 48%
Magic:  9/9        EV: 24    Int:  8    God:    Trog [*****.]
Gold:   518        SH:  0    Dex:  9    Spells: 9/9 levels left

rFire   + . .      SeeInvis .    D - +0 double sword
rCold   + . .      Faith    .    (no shield)
rNeg    . . .      Spirit   .    E - +0 chain mail
rPois   .          Reflect  .    (helmet restricted)
rElec   .          Rampage  .    y - scarf {rC+ rF+}
rCorr   .                        H - +0 pair of gloves
Will    ++...                    b - +2 pair of boots Stlth
                                 O - amulet of the acrobat
HPRegen 1.35/turn                q - +6 ring of strength
MPRegen 0.11/turn                k - ring of flight

@: strong-willed, acrobatic, flying, regenerating
A: horns 2, retaliatory headbutt
a: Renounce Religion, Berserk, Trog's Hand, Brothers in Arms


You were on level 9 of the Dungeon.
You worshipped Trog.
Trog was extremely pleased with you.
You visited 1 branch of the dungeon, and saw 9 of its levels.
You also visited: Ossuary.

You collected 518 gold pieces.

Inventory:

Hand Weapons
 D - a +0 double sword (weapon)
   (You found it on level 5 of the Dungeon)
 I - the +6 short sword of Pubic {freeze, rPois}
   (You found it on level 6 of the Dungeon)

   rPois:     It protects you from poison.
Missiles
 p - 21 poisoned darts (quivered)
Armour
 b - a +2 pair of boots (worn)
   (You found it on level 1 of the Dungeon)
 y - a scarf of resistance (worn)
   (You found it on level 4 of the Dungeon)
 E - a +0 chain mail (worn)
   (You found it on level 5 of the Dungeon)
 H - a +0 pair of gloves (worn)
   (You found it on level 3 of the Dungeon)
Jewellery
 i - a ring of protection from fire
   (You found it on level 5 of the Dungeon)
 k - a ring of flight (right hand)
   (You found it on level 1 of the Dungeon)
 o - a ring of protection from cold
   (You found it on level 9 of the Dungeon)
 q - a +6 ring of strength (left hand)
   (You found it on level 2 of the Dungeon)
 K - a ring of magical power
   (You found it on level 7 of the Dungeon)
 O - an amulet of the acrobat (around neck)
   (You found it on level 8 of the Dungeon)
Wands
 j - a wand of polymorph (9)
   (You found it on level 8 of the Dungeon)
 t - a wand of flame (8)
   (You found it on level 8 of the Dungeon)
 v - a wand of digging (5)
   (You found it on level 6 of the Dungeon)
Scrolls
 c - a scroll of vulnerability {unknown}
 d - 7 scrolls of identify {unknown}
 e - a scroll of silence {unknown}
 f - 5 scrolls of teleportation {unknown}
 h - 2 scrolls of immolation {unknown}
 l - a scroll of enchant weapon {unknown}
 m - 3 scrolls of enchant armour {unknown}
 n - 3 scrolls of fear {unknown}
 r - 3 scrolls of amnesia {unknown}
 w - a scroll of poison {unknown}
 x - a scroll of brand weapon {unknown}
 B - a scroll of fog {unknown}
 G - a scroll of magic mapping {unknown}
 N - a scroll of torment {unknown}
 P - 2 scrolls of blinking {unknown}
Potions
 a - a potion of degeneration {unknown}
 g - 4 potions of curing {@q1}
 s - 5 potions of attraction {!q}
 u - a potion of invisibility {unknown}
 z - 3 potions of lignification {unknown}
 A - a potion of berserk rage {unknown}
 C - a potion of resistance {unknown}
 F - a potion of flight {unknown}
 J - a potion of ambrosia {unknown}
 L - 2 potions of might {unknown}
 M - 4 potions of heal wounds {unknown}
 Q - a potion of mutation {unknown}


   Skills:
 + Level 10.6 Fighting
 * Level 10.8 Long Blades
 - Level 9.8 Axes
 + Level 8.0 Armour
 - Level 2.1 Dodging


You had 9 spell levels left.
You didn't know any spells.
Your spell library was empty.

Dungeon Overview and Level Annotations

Branches:
Dungeon (9/15)             Temple (0/1) D:5             Orc (0/2) D:9
Ossuary (visited)
   Lair: D:8-11

Altars:
Fedhas
Gozag
Okawaru
Ru
Sif Muna
Wu Jian
Xom

Shops:
D:5 *


Innate Abilities, Weirdness & Mutations

You have a pair of horns on your head.
You reflexively headbutt those who attack you in melee.


Message History

The orc wizard flickers and vanishes!
Deactivating autopickup; reactivate with Ctrl-A.
The orc closely misses you.
The orc warrior hits you with a +0 scimitar.
The orc barely misses you.
You hit the warg. The warg bites you. x2
The orc priest hits you with a +0 hand axe.
The orc hits you but does no damage. The orc warrior closely misses you.
You furiously retaliate!
You headbutt the orc warrior! The orc misses you.
The orc priest mumbles some strange prayers to Beogh against you.
Beogh smites you!
* * * LOW HITPOINT WARNING * * *
You are too injured to fight recklessly!
You are too injured to fight recklessly!
You are too injured to fight recklessly!
Your skin crawls.
You feel strong-willed. The warg bites you.
* * * LOW HITPOINT WARNING * * *
The orc priest mumbles some strange prayers to Beogh against you.
Beogh smites you!
* * * LOW HITPOINT WARNING * * *
The orc warrior hits you with a +0 scimitar.
* * * LOW HITPOINT WARNING * * *
The orc hits you but does no damage.
The orc priest invokes the aid of Beogh against you.
Beogh smites you!
* * * LOW HITPOINT WARNING * * *
The orc shouts repeatedly.
The orc priest looks satisfied for a moment.
The orc closely misses you.
The orc priest calls upon Beogh to heal the orc warrior.
The orc warrior is healed somewhat.
The orc misses you. You furiously retaliate!
You headbutt the orc!
You kill the orc!
Trog accepts your kill. The warg attacks as you move away!
The warg barely misses you. The warg bites you!
* * * LOW HITPOINT WARNING * * *
The orc priest calls upon Beogh to heal the orc warrior.
The orc warrior is healed somewhat.
The orc priest looks satisfied for a moment.
The orc priest calls down the wrath of Beogh upon you.
Beogh smites you!
* * * LOW HITPOINT WARNING * * *
The warg attacks as you move away! The warg completely misses you.
You furiously retaliate!
You headbutt the warg. The warg barely misses you.
The orc priest calls down the wrath of Beogh upon you.
Beogh smites you!
You die...

#...........#
#....o......#
#......$....#
#...)o......#
#.......#.###
#....o..# .#
#..)oo..#
#....h..#
+....@..#
#.......#
###..####
###..#######
#..........#
#..........#
#..........#
#..<.......#
#..........#


You could see a warg, an orc warrior, 2 orc priests and 2 orcs.

Vanquished Creatures
  A two-headed ogre (D:8)
  Joseph (D:8)
  A hornet (D:8)
  Sigmund (D:2)
  2 wyverns
  2 steam dragons (D:8)
  A water moccasin (D:7)
  2 ice beasts
  2 black bears
  3 sky beasts
  An ogre (D:7)
  An orc warrior (D:7)
  A centaur (D:5)
  2 phantoms
  An elf zombie (Ossuary)
  A kobold brigand (D:8)
  Blork the orc (D:6)
  3 bullfrogs
  A gnoll sergeant (D:8)
  4 scorpions
  5 wights (D:8)
  14 killer bees
  7 hounds
  3 centaur zombies (Ossuary)
  7 orc priests
  2 jellies (D:6)
  A human zombie (Ossuary)
  2 iguanas
  7 orc wizards
  3 mummies
  9 gnolls
  8 adders
  A shadow imp (D:7)
  2 white imps
  2 ufetubi (D:5)
  4 adder zombies (Ossuary)
  2 worms
  2 dart slugs (D:1)
  34 orcs
  4 bats
  8 endoplasms
  2 giant cockroaches
  3 goblins
  8 hobgoblins
  7 jackals (D:2)
  2 quokkas (D:1)
  5 ball pythons
  A frilled lizard (D:1)
  12 hobgoblin zombies (Ossuary)
  A jackal zombie (Ossuary)
  9 kobolds
  9 kobold zombies (Ossuary)
  5 orc zombies (Ossuary)
  7 rats
  A rat zombie (Ossuary)
231 creatures vanquished.

Vanquished Creatures (others)
  4 fungi (D:1)
4 creatures vanquished.

Grand Total: 235 creatures vanquished

Notes
Turn   | Place    | Note
-------+----------+-------------------------------------------
     0 | D:1      | KennyOmg the Minotaur Berserker began the quest for the
                  | Orb.
     0 | D:1      | Reached XP level 1. HP: 19/19 MP: 0/0
   195 | D:1      | Reached XP level 2. HP: 27/27 MP: 1/1
   546 | D:1      | Reached XP level 3. HP: 33/33 MP: 2/2
  1039 | D:2      | Reached ** piety under Trog
  1043 | D:2      | Reached skill level 5 in Axes
  1308 | D:2      | Reached XP level 4. HP: 41/41 MP: 3/3
  1396 | D:2      | Noticed Sigmund
  1407 | D:2      | Killed Sigmund
  1408 | D:2      | Reached skill level 5 in Fighting
  1408 | D:2      | Reached XP level 5. HP: 46/48 MP: 4/4
  1465 | D:3      | Found a shimmering altar of Xom.
  1466 | D:3      | Found a shimmering altar of Xom.
  1466 | D:3      | Found a shimmering altar of Xom.
  1467 | D:3      | Found a shimmering altar of Xom.
  1467 | D:3      | Found a shimmering altar of Xom.
  1489 | D:3      | Found a shimmering altar of Xom.
  1561 | D:3      | Reached XP level 6. HP: 54/56 MP: 5/5
  2056 | D:4      | Found a sand-covered staircase.
  2064 | Ossuary  | Entered an ossuary
  2107 | Ossuary  | Reached *** piety under Trog
  2307 | Ossuary  | Reached XP level 7. HP: 63/63 MP: 6/6
  2595 | D:4      | Reached **** piety under Trog
  2702 | D:4      | Noticed a wyvern
  2709 | D:4      | Killed a wyvern
  2915 | D:4      | Found an ornate altar of the Wu Jian Council.
  3012 | D:4      | Found a shimmering blue altar of Sif Muna.
  3250 | D:5      | Entered Level 5 of the Dungeon
  3286 | D:5      | Reached XP level 8. HP: 64/73 MP: 7/7
  3335 | D:5      | Reached skill level 1 in Long Blades
  3695 | D:5      | Found a staircase to the Ecumenical Temple.
  3751 | D:5      | Found a sacrificial altar of Ru.
  3801 | D:5      | Found an opulent altar of Gozag.
  3806 | D:5      | Found Gozag's Platinum Reserve.
  4122 | D:6      | Reached skill level 5 in Long Blades
  4297 | D:6      | Noticed Blork the orc
  4305 | D:6      | Killed Blork the orc
  4305 | D:6      | Reached ***** piety under Trog
  4521 | D:6      | Reached XP level 9. HP: 79/82 MP: 8/8
  4531 | D:6      | You are sucked into a shaft and drop 1 floor!
  4581 | D:7      | Reached skill level 5 in Armour
  4783 | D:6      | Identified the +6 short sword of Pubic {freeze, rPois}
  4936 | D:6      | Found an iron altar of Okawaru.
  5679 | D:7      | Received a gift from Trog
  6532 | D:8      | Found a blossoming altar of Fedhas.
  7050 | D:8      | Noticed a two-headed ogre
  7054 | D:8      | Killed a two-headed ogre
  7055 | D:8      | Reached XP level 10. HP: 83/93 MP: 9/9
  7060 | D:8      | Reached skill level 10 in Fighting
  7319 | D:8      | Noticed Joseph
  7336 | D:8      | Killed Joseph
  7337 | D:8      | Reached skill level 10 in Long Blades
  8789 | D:9      | Found a staircase to the Orcish Mines.
  8801 | D:9      | HP: 4/94 [orc priest/divine providence (12)]
  8802 | D:9      | Killed from afar by an orc priest

Illustrated notes

Levels and vault maps discovered:
D:1:      dpeg_arrival_refuge, layout_basic, dreamdust_mushroom_princess,
          chequers_decorated_corner, hangedman_decor_peaks_small, fountainhead
D:2:      layout_rooms, uniq_sigmund
D:3:      layout_rooms, xom_redecorated, minmay_misc_feat_five,
          dreamdust_princess_bridge, kennysheep_small_spiral,
          minmay_misc_feat_four_crosses
D:4:      layout_loops_ring, marbit_many_paths, mainiacjoe_overflow_alcove_2,
          gup_ossuary_entry_pyramid, reono_crystal_passage,
          hangedman_decor_slide_cut, chequers_serial_rivers_marsh
D:5:      layout_cave_pools, nicolae_gozag_zags_fifth_avenue,
          mainiacjoe_overflow_cross_hatched, minmay_temple_entry_grid
D:6:      layout_loops_ring, kennysheep_little_box, uniq_blork_the_orc
D:7:      layout_basic
D:8:      minmay_razor_zed, layout_loops_ring, fedhas_altar_2, uniq_joseph
D:9:      layout_roguey, david_orc_3, uniq_pikel

Skill      XL: |  1  2  3  4  5  6  7  8  9 10 |
---------------+-------------------------------+-----
Axes           | 4 5 6 7 8 9 |  9.8
Fighting       | 4 5 6 7 8 9 10 | 10.6
Long Blades    | 6 9 10 | 10.8
Armour         | 4 7 8 |  8.0
Dodging        | |  2.1

Action                     |  1- 3 |  4- 6 |  7- 9 | 10-12 || total
---------------------------+-------+-------+-------+-------++-------
  Melee: Hand axe          |    97 |   117 |   105 |       ||   319
         Headbutt          |     6 |    26 |    62 |    20 ||   114
         Punch             |     1 |     3 |     2 |     1 ||     7
         Double sword      |       |       |   313 |   102 ||   415
 Invoke: Berserk           |       |       |     2 |       ||     2
         Trog's Hand       |       |       |     1 |     1 ||     2
    Use: Potion            |       |       |     2 |     1 ||     3
 Armour: Scale mail        |    60 |    59 |    80 |       ||   199
         Chain mail        |       |       |   242 |    67 ||   309
  Dodge: Dodged            |    51 |    40 |   273 |    78 ||   442

Table legend: (Time is in decaauts)
 A = Elapsed time spent in this place.
 B = Non-inter-level travel time spent in this place.
 C = Inter-level travel time spent in this place.
 D = Time resting spent in this place.
 E = Time spent auto-exploring this place.
 F = Levels seen in this place.
 G = Mean time per level.
                   A        B        C        D        E       F      G
               +--------+--------+--------+--------+--------+-----+--------+
         Total |   8869 |   8626 |    243 |   1703 |   5316 |  10 |  886.9 |
       Dungeon |   8571 |   8328 |    243 |   1703 |   5170 |   9 |  952.3 |
       Ossuary |    298 |    298 |      0 |      0 |    146 |   1 |  298.0 |
               +--------+--------+--------+--------+--------+-----+--------+

Top non-repeatable levels by time:
     D:8: 2234 daAuts
     D:6: 1247 daAuts
     D:7: 1235 daAuts
     D:1: 983 daAuts
     D:4: 932 daAuts
     D:5: 859 daAuts
     D:3: 578 daAuts
     D:2: 445 daAuts
 Ossuary: 298 daAuts
     D:9: 53 daAuts
